 Dungeon Crawl Stone Soup version 0.27.1-4-g1640c2035a (webtiles) character file.

Game seed: 7317255900559033354

59331 ders the Earth Mage (level 14, -6/78 HPs)
             Began as a Gargoyle Earth Elementalist on Nov 6, 2021.
             Was a High Priest of Vehumet.
             Mangled by a sun demon (15 damage)
             ... on level 6 of the Lair of Beasts.
             The game lasted 01:57:03 (32461 turns).

ders the Earth Mage (Gargoyle Earth Elementalist)  Turns: 32461, Time: 01:57:04

Health: -6/78      AC: 20    Str: 14    XL:     14   Next: 94%
Magic:  10/39      EV: 11    Int: 19    God:    Vehumet [*****.]
Gold:   1304       SH: 11    Dex: 10    Spells: 5/38 levels left

rFire    . . .     SeeInvis .   d - +4 dagger (flame)
rCold    . . .     Faith    .   j - +2 buckler
rNeg     + . .     Spirit   .   C - +3 troll leather armour {Purgy}
rPois    ∞         Reflect  +   (no helmet)
rElec    +         Harm     .   (no cloak)
rCorr    .         Rampage  .   a - +0 pair of gloves
Will     +....                  F - +0 pair of boots
Stlth    ++........             H - amulet of reflection
HPRegen  1.23/turn              G - ring of magical power
MPRegen  0.26/turn              P - ring of wizardry

@: freezing walls, flying, studying Ice Magic
A: sickness immunity, AC +10, big wings, negative energy resistance 1,
electricity resistance, torment resistance 1, petrification resistance
a: Renounce Religion


You were on level 6 of the Lair of Beasts.
You worshipped Vehumet.
Vehumet was extremely pleased with you.
You visited 4 branches of the dungeon, and saw 20 of its levels.
You also visited: Sewer, Ossuary and Bailey.

You collected 1304 gold pieces.

Inventory:

Hand Weapons
 d - a +4 dagger of flaming (weapon)
Missiles
 c - 468 stones
 r - 12 boomerangs
 u - 2 throwing nets (quivered)
Armour
 a - a +0 pair of gloves (worn)
 b - a +0 robe
 j - a +2 buckler (worn)
 x - a +0 tower shield
 C - a +3 troll leather armour (worn) {Purgy}
 F - a +0 pair of boots (worn)
 N - +0 steam dragon scales
Jewellery
 o - an amulet of the acrobat
 G - a ring of magical power (left hand)
 H - an amulet of reflection (around neck)
 P - a ring of wizardry (right hand)
 Q - a ring of resist corrosion
 R - a ring of ice
 Y - a +6 ring of dexterity
 Z - a +4 ring of evasion
Wands
 p - a wand of polymorph (8)
 I - a wand of flame (16)
 J - a wand of iceblast (10)
 M - a wand of digging (11)
 U - a wand of paralysis (11)
Scrolls
 g - 2 scrolls of teleportation
 h - a scroll of noise
 q - 4 scrolls of vulnerability
 v - 2 scrolls of torment
 w - 3 scrolls of immolation
 y - a scroll of blinking
 B - 6 scrolls of fog
 D - 2 scrolls of fear
 E - a scroll of silence
 K - 2 scrolls of holy word
 O - 3 scrolls of magic mapping
 T - a scroll of summoning
 W - a scroll of brand weapon
Potions
 e - 2 potions of magic
 f - 6 potions of attraction
 i - 2 potions of berserk rage
 k - a potion of flight {unknown}
 m - 4 potions of mutation
 n - 3 potions of resistance
 s - 4 potions of degeneration
 t - 2 potions of cancellation
 z - 4 potions of invisibility
 A - 3 potions of might
 L - 3 potions of lignification
 V - a potion of ambrosia
Miscellaneous
 S - a phial of floods


   Skills:
 + Level 5.1 Fighting
 + Level 4.1 Short Blades
 + Level 5.2 Armour
 - Level 1.5 Dodging
 - Level 2.1 Stealth
 + Level 2.7 Shields
 + Level 12.6 Spellcasting
 + Level 14.9 Conjurations
 + Level 0.5 Summonings
 + Level 4.8 Transmutations
 + Level 0.1 Fire Magic
 + Level 3.3 Ice Magic
 + Level 0.6 Air Magic
 * Level 15.1 Earth Magic


You had 5 spell levels left.
You knew the following spells:

 Your Spells              Type           Power      Damage    Failure   Level
a - Sandblast             Erth           100%       2d20      0%          1
b - Stone Arrow           Conj/Erth      100%       3d13      1%          3
c - Petrify               Tmut/Erth      50%        N/A       1%          4
d - Lightning Bolt        Conj/Air       20%        1d35      1%          5
e - Searing Ray           Conj           100%       3d7       1%          2
g - Frozen Ramparts       Ice            48%        1d6       1%          3
h - Iron Shot             Conj/Erth      31%        9d6       1%          6
i - Shatter               Erth           31%        3d25*     78%         9

Your spell library contained the following spells:

 Spells                   Type           Power      Damage    Failure   Level
 Passwall                 Tmut/Erth      41%        N/A       1%          2
 Static Discharge         Conj/Air       41%        N/A       1%          2
 Conjure Flame            Conj/Fire      40%        6-21      1%          3
 Fulminant Prism          Conj/Hex       20%        3d13      1%          4
 Iskenderun's Mystic Bla  Conj/Tloc      40%        2d9       1%          4
 Bolt of Magma            Conj/Fire/Erth 25%        4d12      1%          5
 Irradiate                Conj/Tmut      24%        3d21      1%          5
 Lee's Rapid Deconstruct  Erth           31%        3d17*     1%          5
 Summon Small Mammal      Summ           56%        N/A       2%          1
 Pain                     Necr           44%        1d6       3%          1
 Call Canine Familiar     Summ           14%        N/A       9%          3
 Summon Guardian Golem    Hex/Summ       13%        N/A       9%          3
 Portal Projectile        Hex/Tloc       22%        N/A       11%         3
 Blade Hands              Tmut           15%        N/A       13%         5
 Agony                    Necr           11%        N/A       65%         5
 Excruciating Wounds      Necr           5%         N/A       65%         5
 Dragon Form              Tmut           15%        N/A       98%         7
 Maxwell's Capacitive Co  Air            7%         ∞         100%        8


Dungeon Overview and Level Annotations

Branches:
Dungeon (12/15)            Temple (1/1) D:7            Lair (6/6) D:10
  Swamp (0/4) Lair:4        Snake (1/4) Lair:2          Orc (0/2) D:9
  Sewer (visited)         Ossuary (visited)          Bailey (visited)
  Slime: Lair:5-6

Altars:
Ashenzari
Cheibriados
Dithmenos
Elyvilon
Fedhas
Gozag
Hepliaklqana
Kikubaaqudgha
Makhleb
Nemelex Xobeh
Okawaru
Qazlal
Ru
Sif Muna
Trog
Uskayaw
Vehumet
Wu Jian
Xom
Yredelemnul
Zin
The Shining One

Shops:
D:7 (!

Annotations:
D:6 Duvessa
Lair:2 exclusion: 4 oklob plants
Lair:5 exclusion: 5 oklob plants


Innate Abilities, Weirdness & Mutations

You are immune to sickness and miasma.
Your stone body is resilient. (AC +10)
You are immune to poison.
Your large and strong wings let you fly.
You resist negative energy. (rN+)
You are resistant to electric shocks. (rElec)
You are resistant to unholy torment.
You are immune to petrification.


Message History

You kill the hell hound!
Vehumet accepts your kill.
You feel your power returning.
Casting: Iron Shot (dangerous; 1% risk of failure)
Confirm with . or Enter, or press ? or * to list all spells.
Aiming: Iron Shot (dangerous; 1% risk of failure)
Press: ? - help, Shift-Dir - straight line, f - sun demon
Aim: a sun demon (67% to hit)
The iron shot misses the sun demon.
Casting: Iron Shot (dangerous; 1% risk of failure)
Confirm with . or Enter, or press ? or * to list all spells.
Casting: Frozen Ramparts (safe; 1% risk of failure)
Press: ? - help, Dir - look around, f - activate Look: a sun demon The walls around you are covered in ice.
The sun demon is frozen!
The wall freezes the sun demon.
The sun demon hits you!!
You are engulfed in flames!
The wizard casts a spell.
The wizard blinks!
Casting: Frozen Ramparts (safe; 1% risk of failure)
Confirm with . or Enter, or press ? or * to list all spells.
You cannot sustain more frozen ramparts right now.
Casting: Frozen Ramparts (safe; 1% risk of failure)
Confirm with . or Enter, or press ? or * to list all spells.
You cannot sustain more frozen ramparts right now.
Casting: Frozen Ramparts (safe; 1% risk of failure)
Confirm with . or Enter, or press ? or * to list all spells.
Aiming: Iron Shot (dangerous; 1% risk of failure)
Press: ? - help, Shift-Dir - straight line, f/p - sun demon
Aim: a sun demon (lightly wounded, 67% to hit)
The iron shot hits the sun demon!!
The sun demon is severely wounded.
The sun demon is frozen!
The wall freezes the sun demon!
The sun demon hits you!
You are engulfed in flames!!
* * * LOW HITPOINT WARNING * * *
The sun demon is frozen!
The wall freezes the sun demon.
The sun demon hits you!
* * * LOW HITPOINT WARNING * * *
You are engulfed in flames!
You die...

≈≈ ######### ##≈≈§
........#.....§
...8.8..#..)h3.
..8.#...'....p4 ...8.#..#
#.8...#
...#.8..###############
..8.8...'4.3@.........#
........#...8....8....#
♣♣♣+#########.............#
♣♣.♣♣♣ ######''#######
.....♣♣♣ ♣.....♣ ♣♣♣....♣♣♣
♣♣..♣♣♣ ♣ ♣♣♣♣...♣♣ ♣♣♣..♣♣
♣♣...♣♣♣♣♣..♣♣♣
♣♣♣...♣..♣♣♣


You could see a sun demon and an ice devil.

Vanquished Creatures
  2 dire elephants (Lair:6)
  8 hydras
  2 boulder beetles
  3 catoblepae
  3 two-headed ogres
  A death yak (Lair:6)
  Urug (Lair:3)
  An orc knight (Bailey)
  A bog body (Lair:4)
  An ugly thing (D:8)
  A lindwurm (Lair:6)
  2 manticores
  11 elephants
  A cyclops (D:11)
  10 black mambas
  2 gargoyles (D:10)
  4 torpor snails (Lair:1)
  16 cane toads
  8 komodo dragons
  4 rime drakes
  3 trolls
  A red devil (Lair:6)
  2 hornets
  A queen bee (Lair:2)
  2 polar bears (Lair:5)
  13 blink frogs
  7 dream sheep
  2 meliai zombies (D:10)
  A shadow (D:9)
  Sigmund (D:2)
  4 wyverns
  4 wraiths
  3 vampires
  4 basilisks
  36 yaks
  A vampire mosquito (D:8)
  2 steam dragons
  Menkaure (D:7)
  3 nagas (Lair:2)
  2 swamp worms (Lair:4)
  11 water moccasins
  2 acid dragons
  A hell hound (Lair:6)
  A black bear (Lair:3)
  Purgy (Sewer)
  14 orc warriors
  3 ice beasts
  A sky beast (D:7)
  An ogre (D:6)
  The ghost of BeingJoeMalik the Poker, an amateur MfGl (D:3)
  16 wolves
  8 centaurs
  4 kobold brigands
  2 gnoll sergeants
  10 bullfrogs
  A scorpion (D:4)
  A wyvern zombie (D:6)
  Dowan (D:7)
  47 killer bees
  8 electric eels
  5 wights (D:8)
  3 howler monkeys
  7 centaur zombies
  A bullfrog zombie (D:7)
  5 hounds
  5 orc priests
  A bullfrog skeleton (D:4)
  A centaur skeleton (D:4)
  5 iguanas
  7 orc wizards
  5 ogre zombies (Ossuary)
  9 mummies
  A howler monkey zombie (D:9)
  13 gnolls
  A river rat (Lair:1)
  7 adders
  2 white imps
  2 ufetubi
  7 adder zombies (Ossuary)
  2 adder skeletons
  A worm (D:5)
  2 dart slugs
  35 orcs
  3 bats
  4 endoplasms
  4 giant cockroaches (D:1)
  A gnoll zombie (Ossuary)
  5 goblins
  5 hobgoblins
  2 quokkas
  4 ball pythons
  6 frilled lizards
  6 goblin zombies
  5 hobgoblin zombies
  19 kobolds
  3 kobold zombies (Ossuary)
  4 orc zombies
  5 rats
  5 rat zombies (Ossuary)
517 creatures vanquished.

Vanquished Creatures (collateral kills)
  A water moccasin zombie (D:6)
1 creature vanquished.

Vanquished Creatures (others)
  51 fungi
  61 plants
112 creatures vanquished.

Grand Total: 630 creatures vanquished

Notes
Turn   | Place    | Note
-------+----------+-------------------------------------------
     0 | D:1      | ders the Gargoyle Earth Elementalist began the quest for
                  | the Orb.
     0 | D:1      | Reached XP level 1. HP: 10/10 MP: 3/3
    74 | D:1      | Reached skill level 1 in Transmutations
   208 | D:1      | Reached XP level 2. HP: 10/15 MP: 5/5
   546 | D:1      | Reached skill level 4 in Earth Magic
   945 | D:1      | Found a faded altar of an unknown god.
  1213 | D:2      | Found a bloodstained altar of Trog.
  1265 | D:2      | Noticed Sigmund
  1270 | D:2      | Killed Sigmund
  1271 | D:2      | Reached skill level 5 in Earth Magic
  1271 | D:2      | Reached XP level 3. HP: 8/19 MP: 0/7
  1271 | D:2      | Reached XP level 4. HP: 11/24 MP: 0/9
  1271 | D:2      | Reached XP level 5. HP: 13/28 MP: 0/10
  2016 | D:3      | Learned a level 3 spell: Stone Arrow
  2447 | D:3      | Reached XP level 6. HP: 23/33 MP: 7/11
  2625 | D:3      | Found a runed translucent door.
  2629 | D:3      | Noticed BeingJoeMalik's ghost (amateur MfGl)
  2726 | D:3      | HP: 1/33 [BeingJoeMalik's ghost (12)]
  2729 | D:3      | Killed BeingJoeMalik's ghost
  2730 | D:3      | Reached skill level 1 in Fighting
  3551 | D:4      | Reached skill level 6 in Earth Magic
  3551 | D:4      | Reached XP level 7. HP: 34/38 MP: 1/13
  3670 | D:4      | Found the +3 pair of seven-league boots {Rampage+∞}
  3847 | D:4      | Found a sand-covered staircase.
  3858 | Ossuary  | Entered an ossuary
  5314 | Ossuary  | Reached skill level 1 in Conjurations
  5974 | D:4      | Found an opulent altar of Gozag.
  6318 | D:4      | Reached XP level 8. HP: 45/45 MP: 7/14
  6770 | D:5      | Entered Level 5 of the Dungeon
  6814 | D:5      | Reached skill level 7 in Earth Magic
  7328 | D:5      | Reached skill level 5 in Spellcasting
  7533 | D:5      | Found a glowing drain.
  7548 | Sewer    | Entered a sewer
  7633 | Sewer    | Noticed Purgy
  7640 | Sewer    | Killed Purgy
  8641 | D:5      | Found a shadowy altar of Dithmenos.
  8726 | D:6      | Reached skill level 1 in Armour
  8792 | D:6      | Reached skill level 5 in Conjurations
  8792 | D:6      | Reached skill level 8 in Earth Magic
  8792 | D:6      | Reached XP level 9. HP: 49/49 MP: 10/17
  8999 | D:6      | Reached skill level 1 in Short Blades
  9263 | D:6      | Learned a level 4 spell: Petrify
  9266 | D:6      | Learned a level 1 spell: Summon Small Mammal
  9968 | D:7      | Noticed Duvessa
  9968 | D:7      | Noticed Dowan
  9973 | D:7      | Killed Dowan
 10070 | D:7      | Found a hide-covered altar of Uskayaw.
 10556 | D:7      | Found Xuocveat's Distillery.
 10992 | D:7      | Found Daudiry's Antique Weapon Shoppe.
 10992 | D:7      | Noticed Menkaure
 11011 | D:7      | Killed Menkaure
 11514 | D:7      | Found a staircase to the Ecumenical Temple.
 11522 | Temple   | Entered the Ecumenical Temple
 11599 | Temple   | Became a worshipper of Vehumet
 12058 | D:8      | Reached XP level 10. HP: 54/54 MP: 11/20
 12406 | D:8      | Noticed a two-headed ogre
 12431 | D:8      | Killed a two-headed ogre
 12432 | D:8      | Reached skill level 9 in Earth Magic
 12538 | D:8      | Reached * piety under Vehumet
 12538 | D:8      | Offered knowledge of Shock by Vehumet.
 12905 | D:8      | Noticed a cyan ugly thing
 12937 | D:8      | Killed a cyan ugly thing
 13252 | D:9      | Found a staircase to the Orcish Mines.
 13608 | D:9      | Found a flagged portal.
 13660 | Bailey   | Entered a bailey
 13969 | Bailey   | Reached ** piety under Vehumet
 13969 | Bailey   | Offered knowledge of Searing Ray by Vehumet.
 13975 | Bailey   | Learned a level 2 spell: Searing Ray
 14174 | Bailey   | Noticed an orc knight
 14197 | Bailey   | Killed an orc knight
 14198 | Bailey   | Reached XP level 11. HP: 23/60 MP: 16/23
 14660 | D:9      | Noticed a two-headed ogre
 14704 | D:9      | Reached skill level 10 in Earth Magic
 15457 | D:10     | Entered Level 10 of the Dungeon
 15697 | D:10     | Noticed a two-headed ogre
 15712 | D:10     | Killed a two-headed ogre
 15950 | D:10     | Found a staircase to the Lair.
 16001 | D:10     | Reached skill level 10 in Conjurations
 16456 | D:10     | Offered knowledge of Poisonous Vapours by Vehumet.
 16660 | D:10     | Reached *** piety under Vehumet
 17164 | D:10     | Noticed a two-headed ogre
 17509 | D:10     | Offered knowledge of Conjure Flame by Vehumet.
 17649 | D:10     | Found a glowing golden altar of the Shining One.
 18240 | D:11     | Reached skill level 11 in Earth Magic
 18318 | D:11     | Noticed a boulder beetle
 18360 | D:11     | Killed a boulder beetle
 18361 | D:11     | Reached XP level 12. HP: 61/66 MP: 11/25
 18537 | D:11     | Found a shimmering blue altar of Sif Muna.
 19126 | D:11     | Noticed a two-headed ogre
 19142 | D:11     | Killed a two-headed ogre
 19839 | Lair:1   | Entered Level 1 of the Lair of Beasts
 19919 | Lair:1   | Learned a level 3 spell: Conjure Flame
 19941 | Lair:1   | Reached skill level 10 in Spellcasting
 20173 | Lair:1   | Found a snail-covered altar of Cheibriados.
 20659 | Lair:1   | Reached skill level 12 in Earth Magic
 21313 | Lair:2   | Reached **** piety under Vehumet
 21363 | Lair:2   | Found a staircase to the Snake Pit.
 21475 | Lair:1   | Offered knowledge of Frozen Ramparts by Vehumet.
 21518 | Lair:1   | Learned a level 3 spell: Frozen Ramparts
 21740 | Lair:2   | Reached XP level 13. HP: 70/70 MP: 25/27
 22016 | Lair:2   | Reached skill level 1 in Ice Magic
 23348 | Snake:1  | Entered Level 1 of the Snake Pit
 23511 | Lair:3   | Noticed Urug
 23566 | Lair:3   | Reached ***** piety under Vehumet
 23573 | Lair:3   | Offered knowledge of Iron Shot by Vehumet.
 23646 | Lair:2   | Learned a level 6 spell: Iron Shot
 23661 | Lair:3   | Killed Urug
 23972 | Lair:3   | Reached skill level 13 in Earth Magic
 25663 | Lair:4   | Found a staircase to the Swamp.
 26245 | Lair:4   | Learned a level 9 spell: Shatter
 26365 | Lair:3   | Gained mutation: Your large and strong wings let you fly.
                  | [Gargoyle growth]
 26365 | Lair:3   | Reached XP level 14. HP: 76/76 MP: 6/29
 27352 | Lair:5   | Learned a level 5 spell: Lightning Bolt
 28131 | Lair:4   | Reached skill level 1 in Shields
 28257 | Lair:5   | Reached skill level 14 in Earth Magic
 29079 | Lair:6   | Entered Level 6 of the Lair of Beasts
 29280 | Lair:5   | HP: 5/114 [seven-headed hydra (9)]
 31107 | Lair:5   | Reached skill level 5 in Fighting
 31246 | Lair:6   | Reached skill level 5 in Armour
 31970 | Lair:6   | Reached skill level 15 in Earth Magic
 31973 | Lair:6   | Noticed a dire elephant
 31992 | Lair:6   | Killed a dire elephant
 32196 | Lair:6   | Noticed a dire elephant
 32204 | Lair:6   | Killed a dire elephant
 32447 | Lair:6   | Found a burning altar of Makhleb.
 32461 | Lair:6   | Mangled by a sun demon

Illustrated notes

Levels and vault maps discovered:
D:1:      sevenhm_arrival_forest_fort_large_2, layout_basic,
          shapermc_ecumenical_altar_starsandcircs
D:2:      layout_loops_ring, basic_altar, uniq_sigmund
D:3:      layout_basic, ebering_ghost_sewer_d, grunt_ministairs_2
D:4:      layout_basic, grunt_gozag_statues, nicolae_ossuary_entry_giza
D:5:      layout_loops_ring, grunt_dithmenos_smoke, cheibrodos_sewer_entry_drain
D:6:      layout_basic
D:7:      layout_gridville, mainiacjoe_overflow_brackets,
          minmay_temple_entry_enclosed_plants, serial_bayou,
          serial_bayou_pond_e, serial_bayou_pond_d, serial_bayou_ford_a,
          serial_bayou_crossing, serial_shops, shop_coins, shop,
          minmay_mini_ossuary, uniq_duvessa, uniq_menkaure
D:8:      layout_basic, minmay_manual_moon
D:9:      layout_basic, orc_0_dummy, enter_bailey_5
D:10:     layout_loops_ring, lemuel_tele_altar, erik_lair_island,
          nicolae_water_bricks, kennysheep_kite_vault
D:11:     layout_long_grid, minivault_26, led_sif_book
D:12:     layout_cave_pods
Temple:   hc_temple_tempest_star
Lair:1:   layout_loops_ring, chequers_serial_rivers_marsh,
          kennysheep_snail_temple, grunt_megastairs_1
Lair:2:   hangedman_what_comes_after_a, layout_regular_city,
          minmay_snake_entry_guardpost_small, grunt_forest_stairs_basic
Lair:3:   layout_loops_ring, uniq_urug
Lair:4:   layout_cave_pods, nicolae_swamp_entry_splash_gauntlet
Lair:5:   layout_regular_city, minmay_slime_entry_oklob_enclosed,
          bh_autumn_forest_stairs, grunt_megastairs_5, minmay_lair_oklob_chamber
Lair:6:   evil_forest, layout_regular_city, serial_bayou_shore_a
Snake:1:  layout_onion, serial_shops, shop, uniq_louise

Skill      XL: |  1  2  3  4  5  6  7  8  9 10 11 12 13 14 |
---------------+-------------------------------------------+-----
Transmutations | 1 2 3 4 |  4.8
Earth Magic    | 5 6 8 9 11 12 13 15 | 15.1
Spellcasting   | 3 4 5 7 8 9 10 11 12 | 12.6
Fighting       | 1 2 3 4 5 |  5.1
Conjurations   | 2 5 7 9 11 12 14 | 14.9
Armour         | 1 2 3 4 5 |  5.2
Short Blades   | 2 3 4 |  4.1
Ice Magic      | 3 |  3.3
Shields        | 2 |  2.7
Dodging        | |  1.5
Stealth        | |  2.1
Summonings     | |  0.5
Fire Magic     | |  0.1
Air Magic      | |  0.6

Action                   |  1- 3 |  4- 6 |  7- 9 | 10-12 | 13-15 || total
-------------------------+-------+-------+-------+-------+-------++-------
Melee: Unarmed           |    43 |     2 |       |       |       ||    45
       Quarterstaff      |       |     5 |       |       |       ||     5
       Dagger            |       |       |   134 |   132 |    73 ||   339
 Cast: Sandblast         |    19 |    44 |    30 |    10 |    11 ||   114
       Stone Arrow       |       |     1 |   186 |   369 |   116 ||   672
       Petrify           |       |       |     5 |    26 |    16 ||    47
       Summon Small Mamm |       |       |     5 |     1 |       ||     6
       Searing Ray       |       |       |       |     7 |       ||     7
       Conjure Flame     |       |       |       |     4 |       ||     4
       Frozen Ramparts   |       |       |       |     2 |    19 ||    21
       Iron Shot         |       |       |       |       |   221 ||   221
       Lightning Bolt    |       |       |       |       |    19 ||    19
Evoke: Wand              |       |       |       |     1 |       ||     1
  Use: Scroll            |       |     4 |    21 |     8 |     7 ||    40
       Potion            |       |     2 |     2 |     6 |    12 ||    22
 Stab: Sleeping          |       |       |     1 |       |       ||     1
       Petrified         |       |       |    16 |    41 |     5 ||    62
       Petrifying        |       |       |       |     1 |       ||     1
Armor: Robe              |    14 |     6 |    35 |       |       ||    55
       Troll leather arm |       |       |    29 |   223 |   193 ||   445
       Skin              |       |       |       |       |    39 ||    39
Dodge: Dodged            |    31 |    14 |   133 |   395 |   268 ||   841
Block: Other             |       |       |       |       |    15 ||    15
       Buckler           |       |       |       |       |    96 ||    96
       Reflection        |       |       |       |       |     2 ||     2
